 Dungeon Crawl Stone Soup version 0.17-a0-1805-g6093636 (webtiles) character file.

12469 matakusis the Covert (level 11, -21/68 HPs)
             Began as a Demonspawn Enchanter on Sept 12, 2015.
             Was an Elder of Dithmenos.
             Killed from afar by Fannar (35 damage)
             ... with a bolt of cold
             ... on level 1 of the Orcish Mines.
             The game lasted 01:24:28 (12645 turns).

matakusis the Covert (Demonspawn Enchanter)        Turns: 12645, Time: 01:24:28

Health: -21/68     AC: 12    Str:  7    XL:     11   Next: 62%
Magic:  13/17      EV: 18    Int: 17    God:    Dithmenos [****..]
Gold:   924        SH:  0    Dex: 18    Spells: 3 memorised, 11 levels left

rFire  + + .     SeeInvis .     U - +2 dagger (venom)
rCold  . . .     Clarity  .     v - +3 leather armour of Paug {rPois rF+ Regen+ Str-2}
rNeg   . . .     SustAt   .     (no shield)
rPois  +         Gourm    .     B - +2 hat
rElec  .         Spirit   .     (no cloak)
rCorr  .         Warding  .     (no gloves)
rMut   .         Stasis   .     j - +1 pair of boots
MR     .....                    w - amulet of regeneration
Stlth  +++++++++.               g - ring of stealth
                                N - +2 ring of dexterity

@: wreathed by umbra, not resistant to hostile enchantments, incredibly stealthy
A: claws 2, slimy green scales 1, demonic guardian 1, fire resistance 1, powered
by death 2
a: Shadow Step, Renounce Religion


You were on level 1 of the Orcish Mines.
You worshipped Dithmenos.
Dithmenos was greatly pleased with you.
You were not hungry.

You visited 3 branches of the dungeon, and saw 13 of its levels.
You also visited: Bailey.

You collected 1014 gold pieces.
You spent 90 gold pieces at shops.

Inventory:

Hand weapons
 o - the +9 Sword of Zonguldrok {reap, *Curse}
   (You found it on level 5 of the Dungeon)

   If a monster killed with it leaves a corpse in good enough shape, the corpse
   will be animated as a zombie friendly to the killer.
   It may re-curse itself when equipped.
 H - a +0 blowgun
 K - a +0 dagger of electrocution
 U - a +2 dagger of venom (weapon)
Missiles
 I - 4 needles of confusion (quivered)
 J - 26 poisoned needles
Armour
 j - a +1 pair of boots (worn)
 v - the +3 leather armour of Paug (worn) {rPois rF+ Regen+ Str-2}
   (You found it on level 4 of the Dungeon)

   It affects your strength (-2).
   It protects you from fire.
   It protects you from poison.
   It increases your rate of regeneration.
 B - a +2 hat (worn)
Jewellery
 g - a ring of stealth (right claw)
 w - an amulet of regeneration (around neck)
 z - a +3 ring of strength
 A - an uncursed ring of see invisible
 G - an uncursed amulet of stasis
 N - a +2 ring of dexterity (left claw)
Magical devices
 k - a wand of frost (26)
 m - a wand of confusion (31)
 s - a wand of confusion (30)
 E - a wand of confusion (28)
Scrolls
 e - a scroll of teleportation
 i - 2 scrolls of summoning
 l - 2 scrolls of noise
 p - a scroll of enchant armour
 t - 2 scrolls of magic mapping
 y - 4 scrolls of enchant weapon
 F - 2 scrolls of silence
 M - 2 scrolls of amnesia
 S - a scroll of identify
Potions
 a - 6 potions of heal wounds
 b - a potion of cancellation
 h - 2 potions of magic
 q - a potion of agility
 r - a potion of cure mutation
 P - a potion of brilliance
 T - 2 potions of resistance
Books
 c - a book of Maledictions

   Spells                             Type                      Level
   a - Corona                         Hexes                        1
   b - Ensorcelled Hibernation        Hexes/Ice                    2
   c - Confuse                        Hexes                        3
   d - Tukima's Dance                 Hexes                        3
   e - Dazzling Spray                 Conjuration/Hexes            3
 u - a book of Air

   Spells                             Type                      Level
   a - Shock                          Conjuration/Air              1
   b - Swiftness                      Charms/Air                   2
   c - Repel Missiles                 Charms/Air                   2
   d - Static Discharge               Conjuration/Air              3
   e - Lightning Bolt                 Conjuration/Air              5
 x - a book of the Tempests

   Spells                             Type                      Level
   a - Static Discharge               Conjuration/Air              3
   b - Lightning Bolt                 Conjuration/Air              5
   c - Fireball                       Conjuration/Fire             5
   d - Tornado                        Air                          9
   e - Shatter                        Earth                        9
Miscellaneous
 L - a stone of tremors
Comestibles
 d - 6 bread rations
 n - 5 beef jerkies
 C - 7 slices of pizza
 D - 4 meat rations


   Skills:
 + Level 3.7(3.8) Short Blades
 - Level 1.1(2.6) Long Blades
 + Level 9.3 Dodging
 * Level 12.3 Stealth
 + Level 4.2 Spellcasting
 * Level 8.9 Hexes


You had 11 spell levels left.
You knew the following spells:

 Your Spells              Type           Power        Failure   Level  Hunger
a - Corona                Hex            ####...      1%          1    None
b - Tukima's Dance        Hex            ####....     1%          3    ###....
c - Confuse               Hex            ####....     1%          3    ###....


Dungeon Overview and Level Annotations

Branches:
Dungeon (11/15)            Temple (1/1) D:4            Lair (0/8) D:11
    Orc (1/4) D:11

Altars:
Ashenzari
Cheibriados
Dithmenos
Elyvilon
Fedhas
Gozag
Kikubaaqudgha
Makhleb
Nemelex Xobeh
Okawaru
Qazlal
Ru
Sif Muna
Trog
Vehumet
Xom
Yredelemnul
Zin
The Shining One

Shops:
D:11 %   Orc:1 *}=

Annotations:
Orc:1 exclusion: oklob plant, Fannar


Innate Abilities, Weirdness & Mutations

You have very sharp fingernails.
You are partially covered in slimy green scales (AC +2).
A weak demonic guardian rushes to your aid.
Your flesh is heat resistant.
You regenerate health from kills.


Message History

The orc priest invokes the aid of Beogh against you.
Something smites you!
* * * LOW HITPOINT WARNING * * *
The orc completely misses your staff of cold.
The orc misses you. The ice beast closely misses you.
Your quasit closely misses the orc. x2
Your quasit barely misses the orc.
The orc priest completely misses you.
Fannar hits your staff of cold but does no damage.
The orc priest hits your staff of cold with a dagger.
Your quasit bites the orc.
Your quasit claws the orc.
Your quasit claws the orc.
The orc dies!
Dithmenos accepts your kill.
The orc completely misses your staff of cold.
Your staff of cold hits Fannar.
Fannar gestures at you while chanting.
The bolt of cold misses the orc.
The bolt of cold hits the ice beast.
The ice beast completely resists.
The bolt of cold hits you!
Ouch! That really hurt!
You die...

*## #......#$.......## ##.*
#...#............* #.###
##.##........#*,**
####...#####*#.$.....#*#**
##........# #.....###.#*
#.......#######..........*
#........#.##....>....#.#*
...รท.......#..5.........#*****
.....#........).@.o....#*,**,**
.....)##....(.oY#.##....#,*,,,*
.......#.......o###*##...,,,,**
......##.......e..#......,*,**
.....###....#.o(o)$o....,,***
......#.....##.o.)......***
#..........##$..........*
..........##.........###*
....##...####.##..>..#*


You could see Fannar, an ice beast, 3 orc priests, 2 orcs, a friendly staff of
cold and a friendly quasit.

Vanquished Creatures
  Nergalle (Orc:1)
  3 hill giants
  2 orc knights (Bailey)
  A kobold demonologist (D:11)
  3 trolls
  A deep elf mage (D:11)
  2 wyverns
  A hungry ghost (D:11)
  A wraith (D:10)
  8 yaks
  5 ice beasts
  An eye of draining (D:10)
  3 ogres
  3 sky beasts
  2 phantoms
  7 centaurs
  10 orc warriors
  5 big kobolds
  7 giant frogs
  4 scorpions
  4 killer bees (D:9)
  10 wights
  4 crimson imps
  2 giant frog zombies
  A quasit (D:8)
  2 jellies
  3 orc priests
  5 orc wizards
  5 hounds
  A giant frog skeleton (D:11)
  10 worker ants
  7 iguanas
  A sheep (D:8)
  2 hound skeletons
  3 gnolls (D:2)
  3 shadow imps
  10 adders
  3 oozes
  3 worms
  36 orcs
  2 ball pythons
  10 bats
  8 giant cockroaches
  8 hobgoblins
  9 jackals
  5 giant geckos
  A giant gecko skeleton (D:5)
  A giant gecko zombie (D:9)
  2 giant newts
  12 goblins
  22 kobolds
  4 quokkas
  20 rats
289 creatures vanquished.

Vanquished Creatures (collateral kills)
  An orc knight (Bailey)
  Sigmund (D:2)
  4 yaks
  A human (D:8)
  A wyvern (D:10)
  5 orc warriors
  An ogre (D:4)
  2 giant frogs
  A scorpion (D:5)
  8 wights
  A crimson imp (D:5)
  A jelly (D:5)
  2 hounds (D:4)
  An orc wizard (D:11)
  An orc priest (D:5)
  Terence (D:3)
  An iguana (D:4)
  2 worker ants
  A sheep (D:8)
  A hound zombie (D:5)
  2 gnolls (D:2)
  A shadow imp (D:9)
  25 orcs
  A jackal (D:9)
  2 kobolds
  A giant cockroach (D:5)
69 creatures vanquished.

Vanquished Creatures (others)
  2 dancing weapons
  An orc wizard (D:5)
  An orc (Orc:1)
4 creatures vanquished.

Grand Total: 362 creatures vanquished

Notes
Turn   | Place    | Note
--------------------------------------------------------------
     0 | D:1      | matakusis the Demonspawn Enchanter began the quest for the Orb.
     0 | D:1      | Reached XP level 1. HP: 13/13 MP: 3/3
    61 | D:1      | Gained mutation: A weak demonic guardian rushes to your aid. [demonic ancestry]
    61 | D:1      | Reached XP level 2. HP: 16/19 MP: 5/5
   749 | D:1      | Reached skill level 1 in Short Blades
  1030 | D:2      | Found a faded altar to an unknown god.
  1054 | D:2      | Gained mutation: You have sharp fingernails. [demonic ancestry]
  1054 | D:2      | Reached XP level 3. HP: 8/24 MP: 4/6
  1300 | D:2      | Noticed Sigmund
  1470 | D:2      | Learned a level 3 spell: Tukima's Dance
  1744 | D:2      | Found a deep blue altar of Sif Muna.
  1746 | D:2      | Found a sparkling altar of Nemelex Xobeh.
  1893 | D:2      | Killed Sigmund
  1893 | D:2      | Reached skill level 4 in Stealth
  1893 | D:2      | Gained mutation: You regenerate a little health from kills. [demonic ancestry]
  1893 | D:2      | Reached XP level 4. HP: 15/30 MP: 5/7
  1893 | D:2      | Reached XP level 5. HP: 17/35 MP: 5/8
  2101 | D:2      | Learned a level 3 spell: Confuse
  2202 | D:2      | Found a radiant altar of Vehumet.
  2380 | D:2      | Found a shattered altar of Ashenzari.
  2770 | D:2      | Found an iron altar of Okawaru.
  3390 | D:3      | Noticed Terence
  3402 | D:3      | Killed Terence
  3402 | D:3      | Reached XP level 6. HP: 14/41 MP: 7/10
  4380 | D:4      | Got a scorched leather armour
  4392 | D:4      | Identified the +3 leather armour of Paug {rPois rF+ Regen+ Str-2} (You found it on level 4 of the Dungeon)
  4447 | D:4      | Reached skill level 5 in Stealth
  4716 | D:4      | Gained mutation: You are partially covered in slimy green scales (AC +2). [demonic ancestry]
  4716 | D:4      | Reached XP level 7. HP: 46/46 MP: 2/11
  4876 | D:4      | Reached skill level 6 in Stealth
  4917 | D:4      | Found a staircase to the Ecumenical Temple.
  4939 | Temple   | Entered the Ecumenical Temple
  5531 | D:5      | Entered Level 5 of the Dungeon
  5812 | D:5      | Reached skill level 5 in Hexes
  6119 | D:5      | Found a burning altar of Makhleb.
  6160 | D:5      | Reached skill level 7 in Stealth
  6452 | D:5      | Gained mutation: You have very sharp fingernails. [demonic ancestry]
  6452 | D:5      | Reached XP level 8. HP: 52/52 MP: 12/12
  7075 | D:6      | Found a shadowy altar of Dithmenos.
  7088 | D:6      | Became a worshipper of Dithmenos the Shadowed
  7144 | D:6      | Reached skill level 1 in Long Blades
  7227 | D:6      | Reached skill level 5 in Dodging
  7624 | D:7      | Found an ancient bone altar of Kikubaaqudgha.
  7654 | D:7      | Found a blossoming altar of Fedhas.
  7708 | D:7      | Found an opulent altar of Gozag.
  8081 | D:8      | Reached skill level 8 in Stealth
  8098 | D:8      | Found a white marble altar of Elyvilon.
  8148 | D:8      | Reached XP level 9. HP: 57/57 MP: 13/13
  8541 | D:8      | Found a glowing golden altar of the Shining One.
  8579 | D:8      | Found a basalt altar of Yredelemnul.
  8935 | D:8      | Reached skill level 9 in Stealth
  9326 | D:9      | Reached skill level 10 in Stealth
  9343 | D:9      | Gained mutation: You regenerate health from kills. [demonic ancestry]
  9343 | D:9      | Reached XP level 10. HP: 63/63 MP: 14/14
  9502 | D:9      | Found a bloodstained altar of Trog.
  9676 | D:10     | Entered Level 10 of the Dungeon
  9689 | D:10     | Noticed a hill giant
  9702 | D:10     | Killed a hill giant
  9823 | D:10     | Noticed a hill giant
  9837 | D:10     | Killed a hill giant
  9895 | D:10     | Acquired Dithmenos's first power
  9951 | D:10     | Identified a scroll of acquirement
 10138 | D:10     | Reached skill level 11 in Stealth
 10417 | D:11     | Found a staircase to the Lair.
 10602 | D:11     | Found a staircase to the Orcish Mines.
 11017 | D:11     | Found Oditeg's Food Emporium.
 11195 | D:11     | Gained mutation: Your flesh is heat resistant. [demonic ancestry]
 11195 | D:11     | Reached XP level 11. HP: 68/68 MP: 9/16
 11374 | D:11     | Acquired Dithmenos's second power
 11581 | D:11     | Noticed a hill giant
 11587 | D:11     | Killed a hill giant
 11968 | Orc:1    | Entered Level 1 of the Orcish Mines
 12000 | Orc:1    | Noticed Nergalle
 12002 | Orc:1    | Found Pocow's Gadget Shop.
 12007 | Orc:1    | Killed Nergalle
 12022 | Orc:1    | Found Azinwamu's Assorted Antiques.
 12097 | Orc:1    | Found a flagged portal.
 12132 | Bailey   | Entered a bailey
 12155 | Bailey   | Reached skill level 12 in Stealth
 12195 | Bailey   | Acquired Dithmenos's third power
 12323 | Bailey   | HP: 3/68 [orc warrior/glaive (11)]
 12551 | Orc:1    | Found Hatutipi's Jewellery Boutique.
 12597 | Orc:1    | Bought a +2 ring of dexterity for 90 gold pieces
 12630 | Orc:1    | Noticed Fannar
 12645 | Orc:1    | Killed from afar by Fannar

Vault maps used:
D:1:      erik_arrival_orb_chamber
D:2:      lemuel_doored_altar, lemuel_round_altar, grunt_temple_overflow_open,
          okawaru_altar_gauntlet_db, ecumenical_altar_2, uniq_sigmund
D:3:      first_bread, uniq_terence
D:4:      minmay_temple_entry_steel_oval
D:5:      kennysheep_little_box, kennysheep_generic_room_3
D:6:      old_standard_altar
D:7:      grunt_gozag_breadcrumbs, kennysheep_mini, lemuel_round_altar
D:8:      nicolae_tso_carved_into_rock, yredelemnul_altar_generic,
          elyvilon_altar_3, grunt_livestock
D:9:      kennysheep_mini_moat, bh_walls_and_bars
D:11:     lair_0_dummy, orc_david_3, serial_shops,
          nicolae_shop_scaring_up_business
Temple:   nicolae_temple_hex_pool_5
Orc:1:    enter_bailey_3, serial_shops, nicolae_shop_behind_doors, shop,
          nicolae_shop_trees, mines3_lemuel, uniq_nergalle, uniq_fannar
Bailey:   bailey_polearm_5, bailey

Action                   |  1- 3 |  4- 6 |  7- 9 | 10-12 || total
-------------------------+-------+-------+-------+-------++-------
Melee: Dagger            |   135 |   311 |   451 |   130 ||  1027
       Double sword      |       |       |   181 |   112 ||   293
       Short sword       |       |       |       |   324 ||   324
 Cast: Corona            |    15 |       |       |       ||    15
       Tukima's Dance    |     1 |     3 |     5 |    26 ||    35
       Confuse           |       |    21 |     3 |    29 ||    53
  Use: Scroll            |     4 |     6 |     9 |    11 ||    30
       Potion            |     2 |       |     3 |     8 ||    13
 Stab: Sleeping          |     7 |    12 |    19 |    23 ||    61
       Confused          |       |     6 |       |    12 ||    18
       Distracted        |       |       |     2 |     7 ||     9
       Invisible         |       |       |       |     6 ||     6
  Eat: Chunk             |     3 |    11 |     5 |    14 ||    33
       Fruit             |       |     2 |     3 |       ||     5
       Meat ration       |       |       |     2 |       ||     2
       Bread ration      |       |       |       |     1 ||     1
       Royal jelly       |       |       |       |     1 ||     1
